 Dungeon Crawl Stone Soup version 0.26-a0-612-gd4d190f45e (webtiles) character file.

Game seed: 10754879631563353517

7633 DogServant the Grappler (level 10, 0/102 HPs)
             Began as a Troll Berserker on Sept 10, 2020.
             Was a High Priest of Trog.
             Slain by Donald
             ... wielding a +2 eveningstar of protection
              (34 damage)
             ... on level 2 of the Orcish Mines.
             The game lasted 00:20:53 (8316 turns).

DogServant the Grappler (Troll Berserker)           Turns: 8316, Time: 00:20:54

Health: 0/102      AC: 14    Str: 30    XL:     10   Next: 98%
Magic:  9/9        EV: 14    Int:  3    God:    Trog [*****.]
Gold:   688        SH:  0    Dex: 15    Spells: 9/9 levels left

rFire    . . .     SeeInvis .     - Unarmed
rCold    . . .     Faith    .   (no shield)
rNeg     . . .     Spirit   .   a - +0 animal skin
rPois    .         Reflect  .   k - +2 hat
rElec    .         Harm     .   f - +1 cloak
rCorr    .                      (gloves unavailable)
MR       .....                  (boots unavailable)
Stlth    +.........             (no amulet)
HPRegen  0.67/turn              C - +6 ring of dexterity
MPRegen  0.11/turn              D - +4 ring of protection

@: lethally poisoned (0 -> 0)
A: large, unfitting armour, claws 3, regeneration 1, shaggy fur 1, tough skin 3
a: Berserk, Trog's Hand, Brothers in Arms, Renounce Religion


You were on level 2 of the Orcish Mines.
You worshipped Trog.
Trog was extremely pleased with you.
You visited 2 branches of the dungeon, and saw 11 of its levels.
You visited the Abyss 1 time.

You collected 688 gold pieces.

Inventory:

Missiles
 s - 16 poisoned darts (quivered)
Armour
 a - a +0 animal skin (worn)
 f - a +1 cloak (worn)
 k - a +2 hat (worn)
 y - a +0 barding
Jewellery
 j - a +4 ring of slaying
 l - a cursed amulet of inaccuracy
 n - an uncursed ring of protection from magic
 v - a cursed ring of poison resistance
 C - a +6 ring of dexterity (left claw)
 D - a +4 ring of protection (right claw)
 E - a +6 ring of dexterity
Wands
 o - a wand of paralysis (6)
 p - a wand of random effects (16)
 u - a wand of flame (22)
 z - a wand of iceblast (5)
 F - a wand of polymorph (8)
 G - a wand of enslavement (4)
Scrolls
 b - 2 scrolls of fear
 d - 11 scrolls of remove curse
 e - 2 scrolls of teleportation
 g - a scroll of amnesia
 q - a scroll of fog
 t - 5 scrolls of enchant weapon
 H - 4 scrolls of magic mapping {unknown}
 L - a scroll of vulnerability {unknown}
Potions
 h - a potion of ambrosia
 i - a potion of lignification
 r - a potion of stabbing {unknown}
 w - a potion of cancellation {unknown}
 x - a potion of degeneration {unknown}
 A - 2 potions of heal wounds
 I - a potion of resistance {unknown}
 J - a potion of brilliance {unknown}
 K - 2 potions of magic {unknown}
 M - a potion of curing {unknown}


   Skills:
 + Level 7.5 Fighting
 + Level 7.6 Dodging
 * Level 12.1 Unarmed Combat


You had 9 spell levels left.
You didn't know any spells.
Your spell library contained the following spells:

 Spells                   Type           Power        Failure   Level
 Shock                    Conj/Air       #...         52%         1
 Swiftness                Air            #.......     67%         2
 Static Discharge         Conj/Air       #.......     88%         3
 Airstrike                Air            #.........   99%         4
 Lightning Bolt           Conj/Air       #.........   100%        5


Dungeon Overview and Level Annotations

Branches:
Dungeon (9/15)             Temple (0/1) D:6            Lair (0/6) D:8
    Orc (2/2) D:9
    Elf: Orc:2

Altars:
Fedhas
Kikubaaqudgha
Sif Muna
Wu Jian

Annotations:
D:8 2 transporters
Orc:2 Donald


Innate Abilities, Weirdness & Mutations

You are too large for most types of armour.
You have claws for hands.
Your natural rate of healing is unusually fast.
You are covered in fur. (AC +1)
You have extremely tough skin. (AC +3)


Message History

It is a scroll of amnesia.
You feel forgetful for a moment.
Okay, then.
Okay, then.
You are confused.
You feel invigorated.
You feel sick.
You bump into the rock wall.
You bump into the rock wall.
You bump into the rock wall.
You feel less invigorated.
You feel less confused. Donald blocks your attack.
Your claw misses Donald.
Donald is lightly wounded.
You feel sick.
Donald hits you with a +2 eveningstar of protection!
Donald blocks your attack. x2
Donald is lightly wounded.
You claw Donald!
Donald is moderately wounded.
Donald hits you with a +2 eveningstar of protection!!
You die...

.# #.# ### ..# ##§##..#
#@§§...# ##@{...#
##.§§...# #..§§...#
##.#....## ..##.....# ....
##....## ...... #.@....###
##
..............##...#####..


You could see Donald (strong).

Vanquished Creatures
  2 two-headed ogres (D:9)
  An elephant (D:8)
  Joseph (D:9)
  A gargoyle (D:8)
  An ancient zyme (Abyss:1)
  A troll (D:5)
  A hippogriff (D:7)
  A wyvern (D:9)
  A basilisk (D:8)
  A yak (D:8)
  Menkaure (D:4)
  3 orc warriors
  A hornet zombie (D:7)
  3 ice beasts
  A sky beast (D:6)
  A necrophage (D:8)
  A phantom (D:9)
  2 centaurs (D:7)
  7 ogres
  A crocodile (D:8)
  3 big kobolds
  Blork the orc (D:5)
  3 bullfrogs
  6 scorpions
  3 killer bees (D:9)
  11 orc priests
  A jelly (D:7)
  10 hounds
  15 orc wizards
  2 bullfrog skeletons
  5 worker ants
  A hound zombie (D:5)
  A hound skeleton (D:4)
  11 gnolls
  6 adders
  2 shadow imps
  2 ufetubi
  4 oozes
  6 worms
  4 dart slugs (D:1)
  2 leopard geckos
  43 orcs
  A giant cockroach (D:7)
  5 hobgoblins
  19 jackals
  6 quokkas
  A ball python (D:7)
  8 bats
  6 frilled lizards
  5 goblins
  21 kobolds
  5 rats
251 creatures vanquished.

Vanquished Creatures (others)
  A human (D:5)
  A centaur (D:9)
  An adder (D:9)
3 creatures vanquished.

Grand Total: 254 creatures vanquished

Notes
Turn   | Place    | Note
-------+----------+-------------------------------------------
     0 | D:1      | DogServant the Troll Berserker began the quest for the Orb.
     0 | D:1      | Reached XP level 1. HP: 22/22 MP: 0/0
    95 | D:1      | Reached XP level 2. HP: 26/29 MP: 1/1
   356 | D:1      | Reached XP level 3. HP: 36/36 MP: 2/2
   448 | D:1      | Reached ** piety under Trog
  1060 | D:2      | Found a faded altar of an unknown god.
  1075 | D:2      | Reached skill level 4 in Unarmed Combat
  1366 | D:2      | Reached XP level 4. HP: 44/44 MP: 3/3
  1888 | D:3      | Cast into level 1 of the Abyss (orc wizard)
  1905 | Abyss:1  | Found a shimmering altar of Xom.
  1905 | Abyss:1  | Found a shimmering altar of Xom.
  1905 | Abyss:1  | Found a shimmering altar of Xom.
  1906 | Abyss:1  | Found a shimmering altar of Xom.
  1962 | Abyss:1  | Noticed a wretched star
  1963 | Abyss:1  | Found a shimmering altar of Xom.
  1963 | Abyss:1  | Found a shimmering altar of Xom.
  1964 | Abyss:1  | Found a shimmering altar of Xom.
  1965 | Abyss:1  | Found a corrupted altar of Lugonu.
  1965 | Abyss:1  | Found a shimmering altar of Xom.
  1966 | Abyss:1  | Found a shimmering altar of Xom.
  1966 | Abyss:1  | Found a shimmering altar of Xom.
  1966 | Abyss:1  | Found a shimmering altar of Xom.
  1966 | Abyss:1  | Found a shimmering altar of Xom.
  1967 | Abyss:1  | Found a shimmering altar of Xom.
  1967 | Abyss:1  | Found a shimmering altar of Xom.
  1967 | Abyss:1  | Found a shimmering altar of Xom.
  1968 | Abyss:1  | Found a shimmering altar of Xom.
  1968 | Abyss:1  | Found a shimmering altar of Xom.
  1970 | Abyss:1  | Noticed an ancient zyme
  1980 | Abyss:1  | Killed an ancient zyme
  1980 | Abyss:1  | Reached skill level 5 in Unarmed Combat
  1980 | Abyss:1  | Reached XP level 5. HP: 26/53 MP: 4/4
  1980 | Abyss:1  | Reached XP level 6. HP: 31/61 MP: 5/5
  2020 | Abyss:1  | Noticed an apocalypse crab
  2023 | D:3      | Escaped the Abyss
  2042 | D:3      | HP: 1/62 [gnoll/+0 halberd (9)]
  2176 | D:3      | Reached *** piety under Trog
  2777 | D:4      | Reached skill level 6 in Unarmed Combat
  2777 | D:4      | Reached XP level 7. HP: 62/70 MP: 6/6
  2969 | D:4      | Noticed Menkaure
  2974 | D:4      | Killed Menkaure
  3271 | D:5      | Entered Level 5 of the Dungeon
  3286 | D:5      | Reached skill level 7 in Unarmed Combat
  3376 | D:5      | Found an ancient bone altar of Kikubaaqudgha.
  3383 | D:5      | Reached XP level 8. HP: 46/79 MP: 7/7
  3495 | D:5      | Noticed a troll
  3503 | D:5      | Killed a troll
  3678 | D:5      | Reached **** piety under Trog
  3936 | D:5      | Reached skill level 5 in Fighting
  3936 | D:5      | Reached skill level 5 in Dodging
  4081 | D:5      | Reached skill level 8 in Unarmed Combat
  4120 | D:5      | Noticed Blork the orc
  4126 | D:5      | Killed Blork the orc
  4437 | D:6      | Found a staircase to the Ecumenical Temple.
  4438 | D:6      | Found a blossoming altar of Fedhas.
  4495 | D:6      | You fall into a shaft and drop 3 floors!
  4821 | D:9      | Noticed Joseph
  4838 | D:9      | Killed Joseph
  4838 | D:9      | Reached skill level 9 in Unarmed Combat
  4838 | D:9      | Reached XP level 9. HP: 56/89 MP: 8/8
  4898 | D:9      | Found a shimmering blue altar of Sif Muna.
  4904 | D:9      | Found a staircase to the Orcish Mines.
  4996 | D:9      | Noticed a two-headed ogre
  4997 | D:9      | Noticed a two-headed ogre
  5006 | D:9      | Killed a two-headed ogre
  5009 | D:9      | Reached skill level 10 in Unarmed Combat
  5021 | D:9      | Killed a two-headed ogre
  5232 | D:9      | Reached XP level 10. HP: 99/100 MP: 9/9
  5408 | D:9      | Found an ornate altar of the Wu Jian Council.
  5494 | D:8      | Noticed an elephant
  5495 | D:8      | Found a staircase to the Lair.
  5519 | D:8      | Killed an elephant
  5519 | D:8      | Reached skill level 11 in Unarmed Combat
  5552 | D:8      | Noticed a gargoyle
  5588 | D:8      | Killed a gargoyle
  5743 | D:8      | Found a transporter.
  5743 | D:8      | Noticed a centaur warrior
  5843 | D:8      | Found a transporter.
  6363 | D:7      | Reached ***** piety under Trog
  7240 | D:6      | Received a gift from Trog
  7258 | D:6      | Reached skill level 12 in Unarmed Combat
  7953 | Orc:1    | Entered Level 1 of the Orcish Mines
  8021 | Orc:2    | Entered Level 2 of the Orcish Mines
  8109 | Orc:2    | Noticed Donald
  8316 | Orc:2    | Slain by Donald

Illustrated notes

Levels and vault maps discovered:
D:1:      lightli_iron_boxes, layout_loops_ring
D:2:      layout_basic, chequers_ecumenical_altar_simple_redux
D:3:      layout_basic
D:4:      layout_basic, uniq_menkaure
D:5:      layout_cave_pods, tgw_kikubaaqudgha, uniq_blork_the_orc
D:6:      layout_basic, minmay_temple_entry_stoned_glass, fedhas_altar_3
D:7:      layout_loops_ring, kennysheep_doodads
D:8:      gammafunk_the_bubble [the_bubble_gammafunk_plus_minus], layout_basic,
          david_lair_generic
D:9:      layout_roguey, nicolae_overflow_hidden_temple, orc_0_dummy,
          basic_altar, lemuel_flamethrower_hall, uniq_joseph
Orc:1:    layout_caves, enter_bailey_2, minmay_shop_mayhem, uniq_maurice
Orc:2:    grunt_orc_community_town_hall, layout_caves,
          grunt_orc_community_big_house_2, grunt_orc_community_big_house_2,
          grunt_orc_community_house_2, grunt_orc_community_house_2,
          grunt_orc_community_house_2, grunt_orc_community_house_2,
          serial_shops, nicolae_shop_statue_plus, uniq_donald, uniq_josephine

Skill      XL: |  1  2  3  4  5  6  7  8  9 10 |
---------------+-------------------------------+-----
Unarmed Combat | 4 5 6 7 9 10 12 | 12.1
Fighting       | 3 4 5 6 7 |  7.5
Dodging        | 3 4 5 6 7 |  7.6

Action                   |  1- 3 |  4- 6 |  7- 9 | 10-12 || total
-------------------------+-------+-------+-------+-------++-------
Melee: Unarmed           |    82 |   104 |   218 |   225 ||   629
       Punch             |       |     4 |     9 |    17 ||    30
Invok: Berserk           |       |     3 |     2 |       ||     5
       Trog's Hand       |       |       |     1 |       ||     1
  Use: Scroll            |       |       |    15 |    10 ||    25
       Potion            |       |       |       |     1 ||     1
 Stab: Sleeping          |     1 |       |       |     1 ||     2
Armor: Animal skin       |    40 |    28 |    69 |    52 ||   189
Dodge: Dodged            |    40 |    65 |   126 |   105 ||   336

Table legend: (Time is in decaauts)
 A = Elapsed time spent in this place.
 B = Non-inter-level travel time spent in this place.
 C = Inter-level travel time spent in this place.
 D = Time resting spent in this place.
 E = Time spent auto-exploring this place.
 F = Levels seen in this place.
 G = Mean time per level.
                   A        B        C        D        E       F      G
               +--------+--------+--------+--------+--------+-----+--------+
         Total |   8270 |   7779 |    491 |    616 |   5639 |  12 |  689.2 |
       Dungeon |   7767 |   7285 |    482 |    387 |   5594 |   9 |  863.0 |
  Orcish Mines |    351 |    342 |      9 |    133 |     45 |   2 |  175.5 |
         Abyss |    151 |    151 |      0 |     95 |      0 |   1 |  151.0 |
               +--------+--------+--------+--------+--------+-----+--------+

Top non-repeatable levels by time:
     D:5: 1145 daAuts
     D:7: 987 daAuts
     D:9: 949 daAuts
     D:8: 843 daAuts
     D:3: 808 daAuts
     D:2: 802 daAuts
     D:4: 792 daAuts
     D:1: 729 daAuts
     D:6: 708 daAuts
   Orc:1: 186 daAuts
   Orc:2: 165 daAuts
 Abyss:1: 151 daAuts
